 Dungeon Crawl Stone Soup version 0.27.1-1-g398f81649c (webtiles) character file.

Game seed: 18294056992388872348

77 pkoi the Skirmisher (level 4, -2/40 HPs)
             Began as a Minotaur Fighter on Sept 18, 2021.
             Was a Believer of Makhleb.
             Slain by a gnoll (6 damage)
             ... on level 3 of the Dungeon.
             The game lasted 00:01:59 (1957 turns).

pkoi the Skirmisher (Minotaur Fighter)              Turns: 1957, Time: 00:01:59

Health: -2/40      AC:  7    Str: 22    XL:     4   Next: 13%
Magic:  3/3        EV:  8    Int:  5    God:    Makhleb [**....]
Gold:   114        SH:  9    Dex:  9    Spells: 3/3 levels left

rFire    . . .     SeeInvis .   a - +0 long sword
rCold    . . .     Faith    .   c - +0 kite shield
rNeg     . . .     Spirit   .   b - +0 scale mail
rPois    .         Reflect  .   (helmet restricted)
rElec    .         Harm     .   (no cloak)
rCorr    .         Rampage  .   (no gloves)
Will     .....                  (no boots)
Stlth    ..........             (no amulet)
HPRegen  0.13/turn              (no ring)
MPRegen  0.08/turn              (no ring)

@: silenced
A: horns 2, retaliatory headbutt
a: Renounce Religion


You were on level 3 of the Dungeon.
You worshipped Makhleb.
Makhleb was pleased with you.
You visited 1 branch of the dungeon, and saw 3 of its levels.

You collected 114 gold pieces.

Inventory:

Hand Weapons
 a - a +0 long sword (weapon)
Missiles
 f - 8 poisoned darts (quivered)
Armour
 b - a +0 scale mail (worn)
 c - a +0 kite shield (worn)
Wands
 l - a wand of flame (13)
Potions
 d - a potion of might
 e - 2 potions of haste {unknown}
 h - a potion of brilliance
 i - a potion of cancellation
 k - a potion of flight
 m - a potion of invisibility
 n - a potion of attraction


   Skills:
 + Level 4.0 Fighting
 * Level 3.3 Long Blades
 - Level 0.7 Throwing
 + Level 4.0 Armour
 + Level 1.1 Dodging
 + Level 4.0 Shields
 * Level 1.3 Invocations
 + Level 0.2 Evocations


You had 3 spell levels left.
You didn't know any spells.
Your spell library contained the following spells:

 Spells                   Type           Power      Damage    Failure   Level
 Sting                    Tmut/Pois      0%         1d3       99%         1
 Poisonous Vapours        Pois/Air       0%         N/A       100%        2
 Olgreb's Toxic Radiance  Pois           0%         N/A       100%        4


Dungeon Overview and Level Annotations

Branches:
Dungeon (3/15)

Altars:
Makhleb


Innate Abilities, Weirdness & Mutations

You have a pair of horns on your head.
You reflexively headbutt those who attack you in melee.


Message History

You are too injured to fight recklessly!
You are too injured to fight recklessly!
You are too injured to fight recklessly!
You are too injured to fight recklessly!
You are too injured to fight recklessly!
You are too injured to fight recklessly!
You are too injured to fight recklessly!
You are too injured to fight recklessly!
You are too injured to fight recklessly!
Unknown command.
There is a stone staircase leading up here.
You completely miss the gnoll shaman.
The gnoll shaman hits you but does no damage.
You hit the gnoll shaman.
The gnoll shaman is lightly wounded.
The gnoll shaman hits you but does no damage.
You block the gnoll's attack.
The gnoll shaman hits you with a +0 whip.
The gnoll hits you from afar with a +0 halberd!
* * * LOW HITPOINT WARNING * * *
You slash the gnoll shaman! You headbutt the gnoll shaman!
The gnoll shaman is severely wounded.
The gnoll hits you from afar with a +0 halberd.
* * * LOW HITPOINT WARNING * * *
You block the gnoll shaman's attack.
You hit the gnoll shaman.
The gnoll shaman is almost dead.
You block the gnoll shaman's attack. You block the gnoll's attack.
The gnoll shaman hits you but does no damage.
The gnoll barely misses you.
Unknown command.
You closely miss the gnoll shaman. Your headbutt misses the gnoll shaman.
The gnoll shaman is almost dead.
The gnoll hits you from afar with a +0 halberd!
* * * LOW HITPOINT WARNING * * *
You block the gnoll shaman's attack.
You closely miss the gnoll shaman.
The gnoll shaman is almost dead.
The gnoll hits you from afar with a +0 halberd.
You die...

# #. ... ..#### ...#
##.#######
####.gggg@..#
#....g#####.#
#.##.....##.#.#
#.gg####......#
....ggg#.##...###.##
....##.#.##........#
... ..#....##.#####
. ..######.##.#
............#


You could see a gnoll shaman and 4 gnolls.

Vanquished Creatures
  3 adders
  2 worms (D:2)
  A dart slug (D:2)
  3 endoplasms (D:1)
  A giant cockroach (D:1)
  4 goblins
  6 hobgoblins
  2 kobolds
  2 quokkas
  6 ball pythons
  4 bats
  4 frilled lizards
  5 rats
43 creatures vanquished.

Notes
Turn   | Place    | Note
-------+----------+-------------------------------------------
     0 | D:1      | pkoi the Minotaur Fighter began the quest for the Orb.
     0 | D:1      | Reached XP level 1. HP: 19/19 MP: 0/0
    28 | D:1      | Found a faded altar of an unknown god.
    41 | D:1      | Became a worshipper of Makhleb the Destroyer
    41 | D:1      | Reached * piety under Makhleb
   305 | D:1      | Reached XP level 2. HP: 26/27 MP: 1/1
   706 | D:2      | Reached skill level 1 in Invocations
   706 | D:2      | Reached XP level 3. HP: 25/33 MP: 2/2
   958 | D:2      | Reached ** piety under Makhleb
  1093 | D:2      | Reached skill level 1 in Dodging
  1743 | D:3      | Reached XP level 4. HP: 18/40 MP: 3/3
  1957 | D:3      | Slain by a gnoll

Illustrated notes

Levels and vault maps discovered:
D:1:      nzn_arrival_settlement, layout_rooms,
          chequers_ecumenical_altar_island, minmay_misc_feat_enclosed,
          minmay_unequal
D:2:      layout_basic, minmay_crystal_water, minmay_strange_pillars,
          minmay_misc_feat_nine_boxes
D:3:      layout_basic

Skill      XL: |  1  2  3  4 |
---------------+-------------+-----
Long Blades    | 3 |  3.3
Invocations    | 1 |  1.3
Fighting       | 4 |  4.0
Dodging        | 1 |  1.1
Armour         | 4 |  4.0
Shields        | 4 |  4.0
Throwing       | |  0.7
Evocations     | |  0.2

Action                   |  1- 3 |  4- 6 || total
-------------------------+-------+-------++-------
Melee: Long sword        |   101 |     9 ||   110
       Headbutt          |    11 |     2 ||    13
  Use: Scroll            |     7 |     1 ||     8
Armor: Scale mail        |    43 |     3 ||    46
Dodge: Dodged            |    24 |     1 ||    25
Block: Kite shield       |    64 |     6 ||    70
       Rpst.: Long sword |     5 |       ||     5
